 Dungeon Crawl Stone Soup version 0.20.1-1-g8b1a95d (console) character file.

25887 Kloppie the Fencer (level 13, -18/95 HPs)
             Began as a Merfolk Gladiator on July 25, 2017.
             Was a High Priest of Hepliaklqana.
             Killed from afar by a rime drake (28 damage)
             ... with a flash freeze
             ... on level 4 of the Lair of Beasts.
             The game lasted 00:25:00 (15952 turns).

Kloppie the Fencer (Merfolk Gladiator)             Turns: 15952, Time: 00:25:01

Health: -18/95     AC: 15    Str: 15    XL:     13   Next: 22%
Magic:  13/13      EV: 31    Int: 10    God:    Hepliaklqana [*****.]
Gold:   961        SH:  0    Dex: 22    Spells: 6/12 levels left

rFire    . . .     SeeInvis .   a - +5 great sword (holy)
rCold    . . .     Gourm    .   (shield currently unavailable)
rNeg     . . .     Faith    .   d - +5 leather armour "Uhatel" {MR+}
rPois    .         Spirit   .   r - +2 helmet "Soikeuge" {rElec}
rElec    +         Reflect  .   u - +2 cloak
rCorr    .         Harm     .   L - +0 pair of gloves
MR       +....                  (boots currently unavailable)
Stlth    +++.......             x - amulet of magic regeneration
Regen    0.3/turn               R - +3 ring of dexterity
MPRegen  0.2/turn               g - +2 ring of intelligence

@: about to teleport, very quick
A: change form in water, swift swim, stealthy swim, reduced essence
a: Recall Ancestor, Ancestor Identity, Transference, Idealise, Renounce Religion


You were on level 4 of the Lair of Beasts.
You worshipped Hepliaklqana.
Hepliaklqana was extremely pleased with you.
You were not hungry.

You visited 3 branches of the dungeon, and saw 15 of its levels.
You also visited: Volcano.

You collected 1039 gold pieces.
You spent 78 gold pieces at shops.

Inventory:

Hand Weapons
 a - a +5 great sword of holy wrath (weapon)
 b - a +2 scimitar of flaming
 e - a +0 great sword
 w - a +0 long sword
 O - a +3 scimitar of flaming
Missiles
 E - 3 javelins (quivered)
Armour
 d - the +5 leather armour "Uhatel" (worn) {MR+}
   (You found it on level 1 of the Lair of Beasts)

   It affects your resistance to hostile enchantments.
 o - a +0 shield
 r - the +2 helmet "Soikeuge" (worn) {rElec}
   (You took it off Robin on level 2 of the Dungeon)

   It insulates you from electricity.
 t - a +2 pair of boots (melded)
 u - a +2 cloak (worn)
 L - a +0 pair of gloves (worn)
Jewellery
 g - a +2 ring of intelligence (right hand)
 x - an amulet of magic regeneration (around neck)
 y - an uncursed ring of fire
 A - an uncursed ring of magical power
 R - a +3 ring of dexterity (left hand)
Wands
 p - a wand of lightning (5/15)
 B - a wand of flame (21/48)
 J - a wand of acid (7/15)
 M - a wand of flame (26/48)
 N - a wand of iceblast (6/15)
 P - a wand of flame (30/48)
 T - a wand of polymorph (7/24)
Scrolls
 j - 5 scrolls of teleportation
 m - 2 scrolls of remove curse
 K - 3 scrolls of amnesia
 Q - a scroll of identify
 S - a scroll of acquirement
Potions
 c - 2 potions of magic
 h - 2 potions of mutation
 i - 3 potions of agility
 l - a potion of haste
 n - 4 potions of flight
 s - 4 potions of curing
 v - 5 potions of brilliance
 D - 2 potions of resistance
 G - 2 potions of might
Books
 F - a book of Minor Magic

   Spells                             Type                      Level
   a - Magic Dart                     Conjuration                  1
   b - Blink                          Translocation                2
   c - Call Imp                       Summoning                    2
   d - Slow                           Hexes                        2
   e - Conjure Flame                  Conjuration/Fire             3
   f - Mephitic Cloud                 Conjuration/Poison/Air       3
 H - a book of Enchantments

   Spells                             Type                      Level
   a - Cause Fear                     Hexes                        4
   b - Yara's Violent Unravelling     Hexes/Transmutation          5
   c - Silence                        Hexes/Air                    5
   d - Deflect Missiles               Charms/Air                   6
   e - Discord                        Hexes                        8
 I - a book of Misfortune

   Spells                             Type                      Level
   a - Confusing Touch                Hexes                        1
   b - Confuse                        Hexes                        3
   c - Gell's Gravitas                Translocation                3
   d - Petrify                        Transmutation/Earth          4
   e - Metabolic Englaciation         Hexes/Ice                    5
   f - Yara's Violent Unravelling     Hexes/Transmutation          5
 U - a book of Power

   Spells                             Type                      Level
   a - Iskenderun's Battlesphere      Conjuration/Charms           5
   b - Venom Bolt                     Conjuration/Poison           5
   c - Bolt of Magma                  Conjuration/Fire/Earth       5
   d - Iron Shot                      Conjuration/Earth            6
   e - Orb of Destruction             Conjuration                  7
   f - Spellforged Servitor           Conjuration/Summoning        7
Comestibles
 f - 7 bread rations
 k - 5 royal jellies
 z - 3 fruits
 C - 7 meat rations


   Skills:
 - Level 11.0 Fighting
 + Level 16.4 Long Blades
 - Level 2.0 Throwing
 - Level 14.3 Dodging
 + Level 4.5 Charms


You had 6 spell levels left.
You knew the following spells:

 Your Spells              Type           Power        Failure   Level  Hunger
a - Deflect Missiles      Chrm/Air       #.........   100%        6    #######


Dungeon Overview and Level Annotations

Branches:
Dungeon (10/15)            Temple (1/1) D:4            Lair (4/6) D:8
    Orc (0/2) D:10
  Swamp: Lair:2-4    Shoals: Lair:2-4     Snake: Lair:2-4    Spider: Lair:2-4

Altars:
Ashenzari
Cheibriados
Dithmenos
Elyvilon
Fedhas
Gozag
Hepliaklqana
Kikubaaqudgha
Makhleb
Nemelex Xobeh
Okawaru
Qazlal
Ru
Sif Muna
Trog
Uskayaw
Vehumet
Xom
Yredelemnul
Zin
The Shining One
Beogh

Shops:
D:4 [!   D:10 (

Annotations:
Lair:3 exclusion: 4 oklob plants
Lair:4 exclusion: 2 oklob plants


Message History

Inhapi barely misses the rime drake.
A killer bee comes into view.
Okay, then.
You feel better. The ice encasing you melts away.
The meliai completely misses you. The meliai misses you.
The manticore completely misses you. The manticore claws you.
* * * LOW HITPOINT WARNING * * *
The manticore closely misses you. The meliai closely misses you.
The meliai completely misses you.
A killer bee comes into view.
As you read the scroll of teleportation, it crumbles to dust.
You feel strangely unstable. The meliai completely misses you.
You riposte.
You barely miss the meliai.
Your tail-slap misses the meliai.
The meliai stings you but does no damage.
The rime drake completely misses you. The manticore completely misses you. x2
The manticore claws you but does no damage.
The rime drake breathes ice at you. The flash freeze hits you!
You die...

#..............#
#..............#
##.≈.≈.P.≈.P.≈.##
#.#≈≈≈≈≈≈≈≈≈≈≈≈#
###≈≈≈≈≈≈≈≈≈≈≈≈≈≈≈≈#
#≈≈≈≈≈≈≈≈≈≈##≈≈≈≈≈#
#≈≈≈≈≈≈≈≈≈≈# ≈≈≈≈≈≈
#≈≈≈≈##≈≈≈≈≈ ≈P)≈≈≈
#y@k≈##≈≈≈≈≈≈ [P≈≈≈
#k≈Hy≈≈≈≈≈≈≈≈ ≈≈≈≈≈
#†y≈yR≈≈≈≈≈≈≈ ≈##≈
≈.PHy.≈.≈.P.≈
#............
##.....y.#...
..#....#....
##.........#.
.#.......#.


You could see the friendly Inhapi the knight, a manticore, a hippogriff, 2 rime
drakes, a meliai and 5 killer bees.

Vanquished Creatures
  A stone giant (Volcano)
  A two-headed ogre (D:10)
  Psyche (D:10)
  2 black mambas (Lair:3)
  An elephant (D:8)
  5 spiny frogs
  A gargoyle (Volcano)
  3 rime drakes
  An efreet (Volcano)
  3 komodo dragons
  3 trolls (D:10)
  2 meliai (Lair:4)
  Grinder (D:3)
  8 blink frogs
  4 hippogriffs
  2 wyverns (Lair:4)
  Sigmund (D:3)
  2 basilisks
  8 yaks
  4 fire bats (Volcano)
  Edmund (D:4)
  8 water moccasins
  6 porcupines
  5 orc warriors
  The ghost of Iskender the Sneak, an amateur FeTm (D:8)
  An ice beast (D:9)
  5 wolves
  An eye of draining (D:8)
  4 ogres
  4 centaurs
  The ghost of Coffe1991 the Skirmisher, an amateur OpTm (D:3)
  10 crocodiles
  16 bullfrogs
  2 earth elementals (Volcano)
  2 scorpions
  13 killer bees
  8 wights
  7 howler monkeys
  2 crimson imps (D:6)
  7 lava snakes (Volcano)
  4 hounds
  9 orc priests
  3 jellies
  4 orc wizards
  Ijyb (D:4)
  6 iguanas
  7 worker ants
  A worker ant zombie (D:6)
  Robin (D:2)
  10 gnolls
  A howler monkey skeleton (D:5)
  8 adders
  2 shadow imps
  3 oozes
  An adder skeleton (D:5)
  An adder zombie (D:5)
  3 worms
  4 leopard geckos
  38 orcs
  8 bats
  2 bat zombies (D:1)
  5 giant cockroaches
  14 goblins
  8 hobgoblins
  6 jackals
  2 quokkas
  3 ball pythons
  4 frilled lizards
  5 kobolds
  A leopard gecko skeleton (D:5)
  8 rats (D:2)
331 creatures vanquished.

Vanquished Creatures (collateral kills)
  Erica (D:9)
  An orc knight (D:9)
  Maurice (D:8)
  A gargoyle (Volcano)
  A molten gargoyle (Volcano)
  2 hippogriffs
  A blink frog (Lair:3)
  A spriggan (Lair:2)
  Eustachio (D:6)
  3 yaks
  A fire bat (Volcano)
  A steam dragon (D:8)
  Menkaure (D:4)
  2 hungry ghosts
  A water moccasin (Lair:3)
  An orc warrior (D:10)
  An eye of draining (D:7)
  2 ice beasts
  2 ogres (D:7)
  A wolf (Lair:1)
  A big kobold (D:8)
  2 bullfrogs (Lair:3)
  A killer bee (Lair:4)
  4 wights
  A howler monkey (D:8)
  A quasit (D:5)
  A jelly (D:8)
  An orc priest (D:6)
  5 orc wizards
  2 worker ants
  A hound zombie (D:6)
  An adder zombie (D:7)
  A dart slug (D:4)
  2 leopard geckos (D:6)
  7 orcs
  A leopard gecko skeleton (D:8)
58 creatures vanquished.

Vanquished Creatures (others)
  A molten gargoyle (Volcano)
  3 knights
  5 ancestors
  3 plants (Lair:3)
12 creatures vanquished.

Grand Total: 401 creatures vanquished

Notes
Turn   | Place    | Note
-------+----------+-------------------------------------------
     0 | D:1      | Kloppie the Merfolk Gladiator began the quest for the Orb.
     0 | D:1      | Reached XP level 1. HP: 16/16 MP: 1/1
   338 | D:1      | Reached XP level 2. HP: 21/23 MP: 2/2
   770 | D:2      | Reached skill level 4 in Long Blades
   770 | D:2      | Reached XP level 3. HP: 19/28 MP: 3/3
  1169 | D:2      | Reached XP level 4. HP: 6/35 MP: 4/4
  1487 | D:2      | Noticed Robin
  1522 | D:2      | Killed Robin
  1526 | D:2      | Got an ichor-stained helmet
  1537 | D:2      | Identified the +2 helmet "Soikeuge" {rElec} (You took it off Robin on level 2 of the Dungeon)
  1581 | D:2      | Reached skill level 5 in Long Blades
  1596 | D:2      | Reached XP level 5. HP: 19/42 MP: 5/5
  2351 | D:3      | Reached XP level 6. HP: 30/50 MP: 6/6
  2499 | D:3      | Noticed Coffe1991's ghost (amateur OpTm)
  2542 | D:2      | Reached skill level 5 in Fighting
  2542 | D:2      | Reached skill level 6 in Long Blades
  3056 | D:3      | Noticed Sigmund
  3061 | D:3      | Found a blossoming altar of Fedhas.
  3069 | D:3      | Killed Sigmund
  3069 | D:3      | Reached XP level 7. HP: 30/57 MP: 7/7
  3140 | D:3      | Killed Coffe1991's ghost
  3368 | D:3      | Reached skill level 7 in Long Blades
  3374 | D:3      | Noticed Grinder
  3403 | D:3      | Killed Grinder
  3403 | D:3      | Reached skill level 5 in Dodging
  3950 | D:4      | Found a staircase to the Ecumenical Temple.
  3959 | Temple   | Entered the Ecumenical Temple
  4426 | Temple   | Became a worshipper of Hepliaklqana the Forgotten
  4449 | D:4      | Noticed Edmund
  4450 | D:4      | Noticed Ijyb
  4474 | D:4      | Killed Edmund
  4474 | D:4      | Reached XP level 8. HP: 26/57 MP: 8/8
  4479 | D:4      | Killed Ijyb
  4631 | D:4      | Found Ajaiz's Distillery.
  4634 | D:4      | Bought 2 potions of lignification for 78 gold pieces
  4681 | D:4      | Reached skill level 8 in Long Blades
  4782 | D:4      | Found Ofacyel's Antique Armour Emporium.
  4854 | D:4      | Noticed Menkaure
  4862 | D:4      | Killed Menkaure
  5389 | D:5      | Entered Level 5 of the Dungeon
  5795 | D:5      | Reached skill level 9 in Long Blades
  6186 | D:6      | Reached * piety under Hepliaklqana
  6208 | D:6      | Reached XP level 9. HP: 18/64 MP: 9/9
  6672 | D:6      | Noticed Eustachio
  6682 | D:6      | Reached skill level 10 in Long Blades
  6694 | D:6      | Killed Eustachio
  8012 | D:8      | Noticed Iskender's ghost (amateur FeTm)
  8020 | D:8      | Reached skill level 11 in Long Blades
  8034 | D:8      | Reached XP level 10. HP: 62/73 MP: 10/10
  8042 | D:8      | Killed Iskender's ghost
  8102 | D:8      | Found a shattered altar of Ashenzari.
  8337 | D:8      | Found a sparkling altar of Nemelex Xobeh.
  8792 | D:8      | Reached skill level 10 in Dodging
  8876 | D:8      | Noticed an elephant
  8896 | D:8      | Killed an elephant
  8896 | D:8      | Reached skill level 12 in Long Blades
  8924 | D:8      | Noticed Maurice
  9189 | D:8      | Killed Maurice
  9240 | D:8      | Found a staircase to the Lair.
  9914 | D:8      | Found an opulent altar of Gozag.
  9914 | D:8      | Found a burning altar of Makhleb.
 10047 | D:9      | Reached ** piety under Hepliaklqana
 10048 | D:9      | Remembered your ancestor Inhapi as a knight
 10079 | D:9      | Noticed Erica
 10098 | D:9      | Killed Erica
 10098 | D:9      | Reached XP level 11. HP: 45/80 MP: 11/11
 10282 | D:9      | Reached skill level 13 in Long Blades
 10305 | D:9      | Found a deep blue altar of Sif Muna.
 10326 | D:9      | Found a radiant altar of Vehumet.
 10628 | D:10     | Entered Level 10 of the Dungeon
 10653 | D:10     | Found a shattered altar of Ashenzari.
 10656 | D:10     | Found Jeoppo's Weapon Emporium.
 10694 | D:10     | Found a roughly hewn altar of Beogh.
 10694 | D:10     | Found a staircase to the Orcish Mines.
 10695 | D:10     | Noticed Psyche
 10699 | D:10     | Noticed an orc knight
 10744 | D:10     | Killed Psyche
 11078 | D:9      | Killed an orc knight
 11088 | D:9      | Reached skill level 10 in Fighting
 11825 | D:10     | Noticed a two-headed ogre
 11833 | D:10     | Killed a two-headed ogre
 12055 | D:10     | Reached skill level 14 in Long Blades
 12427 | Lair:1   | Entered Level 1 of the Lair of Beasts
 12462 | Lair:1   | Reached *** piety under Hepliaklqana
 12582 | Lair:1   | Reached XP level 12. HP: 89/90 MP: 12/12
 12927 | Lair:1   | Got an ichor-stained leather armour
 12938 | Lair:1   | Identified the +5 leather armour "Uhatel" {MR+} (You found it on level 1 of the Lair of Beasts)
 13102 | Lair:2   | Identified a scroll of acquirement
 13184 | Lair:2   | HP: 4/90 [porcupine (11)]
 13590 | Lair:2   | Reached **** piety under Hepliaklqana
 14151 | Lair:3   | Reached skill level 15 in Long Blades
 14240 | Lair:3   | Found a dark tunnel.
 14251 | Volcano  | Entered a volcano
 14373 | Volcano  | Found a radiant altar of Vehumet.
 14515 | Volcano  | Noticed a stone giant
 14525 | Volcano  | Killed a stone giant
 14739 | Lair:3   | Learned a level 6 spell: Deflect Missiles
 14783 | Lair:3   | Reached skill level 16 in Long Blades
 14783 | Lair:3   | Reached skill level 1 in Charms
 14832 | Lair:3   | Reached XP level 13. HP: 90/95 MP: 13/13
 15596 | Lair:4   | Reached ***** piety under Hepliaklqana
 15952 | Lair:4   | Killed from afar by a rime drake

Skill      XL: |  1  2  3  4  5  6  7  8  9 10 11 12 13 |
---------------+----------------------------------------+-----
Long Blades    | 4 5 6 7 9 11 12 14 16 | 16.4
Fighting       | 3 4 5 7 8 9 11 | 11.0
Dodging        | 5 7 8 11 14 | 14.3
Charms         | 1 4 |  4.5
Throwing       | |  2.0

Action                   |  1- 3 |  4- 6 |  7- 9 | 10-12 | 13-15 || total
-------------------------+-------+-------+-------+-------+-------++-------
Melee: Long sword        |    82 |   146 |   419 |   266 |       ||   913
       Scimitar          |       |       |       |   238 |       ||   238
       Great sword       |       |       |       |   152 |    65 ||   217
       Tailslap          |       |       |       |       |     3 ||     3
Throw: Throwing net      |     2 |     6 |       |     1 |       ||     9
       Javelin           |       |     3 |     6 |     4 |       ||    13
Invok: Recall Ancestor   |       |       |     2 |     1 |       ||     3
       Ancestor Life: Kn |       |       |       |     1 |       ||     1
  Use: Scroll            |       |     4 |    10 |    13 |     1 ||    28
       Potion            |       |       |     3 |    11 |     2 ||    16
 Stab: Held in net/web   |       |     3 |       |       |       ||     3
       Distracted        |       |       |     1 |     5 |       ||     6
       Sleeping          |       |       |     1 |     1 |       ||     2
  Eat: Chunk             |     1 |     6 |    14 |    21 |     4 ||    46
       Royal jelly       |       |       |     1 |     2 |       ||     3
Armor: Ring mail         |    33 |    36 |       |       |       ||    69
       Leather armour    |       |     4 |    89 |   120 |    22 ||   235
       Skin              |       |       |    15 |   137 |       ||   152
Dodge: Dodged            |    50 |   109 |   310 |   582 |   103 ||  1154
       Rpst.: Long sword |    18 |    36 |    74 |    61 |       ||   189
       Scimitar          |       |       |       |    64 |       ||    64
       Great sword       |       |       |       |    52 |    34 ||    86
